 Dungeon Crawl Stone Soup version 0.18.1-2-ga659475 (webtiles) character file.

480 Scarto the Shield-Bearer (level 7, -4/44 HPs)
             Began as a Gargoyle Fighter on May 8, 2016.
             Was a Follower of the Shining One.
             Killed by divine providence
             ... invoked by an orc priest
              (14 damage)
             ... on level 4 of the Dungeon.
             The game lasted 00:06:14 (3096 turns).

Scarto the Shield-Bearer (Gargoyle Fighter)         Turns: 3096, Time: 00:06:15

Health: -4/44      AC: 21    Str: 27    XL:     7   Next: 12%
Magic:  7/7        EV:  5    Int:  8    God:    the Shining One [*.....]
Gold:   372        SH: 10    Dex:  9    Spells: 0 memorised, 6 levels left

rFire  . . .     SeeInvis .     a - +0 flail
rCold  . . .     Gourm    .     q - +0 plate armour
rNeg   + . .     Faith    .     c - +0 shield
rPois  ∞         Spirit   .     m - +2 helmet
rElec  +         Dismiss  .     n - +0 cloak
rCorr  .         Reflect  .     (no gloves)
SustAt .         Harm     .     (no boots)
MR     .....                    (no amulet)
Stlth  ..........               (no ring)
                                (no ring)

@: mighty, glowing, not resistant to hostile enchantments, extremely unstealthy
A: negative energy resistance 1, electricity resistance, unbreathing,
petrification resistance, rot immunity, AC +4
a: Renounce Religion


You were on level 4 of the Dungeon.
You worshipped the Shining One.
The Shining One was aware of your devotion.
You were not hungry.

You visited 1 branch of the dungeon, and saw 4 of its levels.

You collected 372 gold pieces.

Inventory:

Hand Weapons
 a - a +0 flail (weapon)
 k - a +0 flail of crushing
Armour
 c - a +0 shield (worn)
 m - a +2 helmet (worn)
 n - a +0 cloak (worn)
 q - a +0 plate armour (worn)
Jewellery
 l - an uncursed ring of flight
Scrolls
 h - 4 scrolls of remove curse
 s - a scroll of identify
Potions
 e - 3 potions of flight
 i - 2 potions of invisibility {unknown}
 j - a potion of degeneration {unknown}
 o - a potion of heal wounds {unknown}
 u - 2 potions of curing {unknown}
Books
 b - a book of Envenomations

   Spells                             Type                      Level
   a - Spider Form                    Transmutation/Poison         3
   b - Olgreb's Toxic Radiance        Poison                       4
   c - Alistair's Intoxication        Transmutation/Poison         5
   d - Poisonous Cloud                Conjuration/Poison/Air       6
   The Shining One disapproves of the use of such an item.
Comestibles
 f - 2 bread rations
 g - 4 fruits
 p - a royal jelly
 r - a meat ration


   Skills:
 + Level 4.6 Fighting
 + Level 3.9 Maces & Flails
 + Level 4.6 Armour
 + Level 1.5 Dodging
 + Level 5.5 Shields


You had 6 spell levels left.
You didn't know any spells.

Dungeon Overview and Level Annotations

Branches:
Dungeon (4/15)
 Temple: D:4-7

Altars:
Ru
The Shining One


Innate Abilities, Weirdness & Mutations

You are resistant to torment.
Your stone body is resilient (AC +4).
You are immune to poison.
You resist negative energy.
You are resistant to electric shocks.
You can survive without breathing.
You are immune to petrification.
You are immune to rotting.


Message History

You hit the orc priest.
The orc priest is moderately wounded.
The giant newt bites you but does no damage.
The orc priest hits you but does no damage.
You block the orc priest's attack.
You sock the orc priest!
You kill the orc priest!
The Shining One accepts your kill. You block the giant newt's attack.
You block the orc priest's attack.
You barely miss the orc priest. The orc hits you.
* * * LOW HITPOINT WARNING * * *
You block the giant newt's attack.
The orc priest hits you but does no damage.
You block the orc's attack.
You hit the orc priest but do no damage.
You block the giant newt's attack. The orc hits you.
* * * LOW HITPOINT WARNING * * *
The orc priest mumbles some strange prayers to Beogh against you.
Beogh smites you!
You die...

###...... ###.... ###.#
##### ##.# . ###...#
###.## .. #...8.####...#
#.. #P8..........#
....######...8......#.##
......o@....88....).)..#
###...ol...........))...
#.....###..........†..
#......####...........
#.......###...........
#.........##..........
#..........###.......†
#......#....###....##.
#......###....####.###.


You could see an orc priest, an orc and a giant newt.

Vanquished Creatures
  A howler monkey (D:4)
  A centaur zombie (D:4)
  2 hounds (D:4)
  An orc priest (D:4)
  2 orc wizards (D:4)
  Natasha (D:3)
  Robin (D:4)
  6 gnolls
  5 adders
  3 oozes
  2 adder skeletons (D:4)
  4 worms
  2 dart slugs (D:1)
  A giant gecko (D:1)
  14 orcs
  4 giant cockroaches
  12 goblins
  11 hobgoblins
  2 jackals (D:4)
  A quokka (D:3)
  5 bats
  A giant gecko skeleton (D:4)
  9 giant newts
  A quokka skeleton (D:4)
  6 rats
98 creatures vanquished.

Notes
Turn   | Place    | Note
--------------------------------------------------------------
     0 | D:1      | Scarto the Gargoyle Fighter began the quest for the Orb.
     0 | D:1      | Reached XP level 1. HP: 14/14 MP: 1/1
     6 | D:1      | Noticed a polar bear
     6 | D:1      | Noticed a six-headed hydra
     6 | D:1      | Noticed a worker ant
     6 | D:1      | Noticed an anaconda
     6 | D:1      | Noticed a swamp worm
    76 | D:1      | Reached XP level 2. HP: 19/19 MP: 2/2
   720 | D:2      | Reached XP level 3. HP: 17/23 MP: 3/3
   892 | D:2      | Found a sacrificial altar of Ru.
  1026 | D:2      | Found a glowing golden altar of the Shining One.
  1072 | D:2      | Became a worshipper of the Shining One
  1396 | D:3      | Reached skill level 4 in Shields
  1455 | D:3      | Reached XP level 4. HP: 29/29 MP: 4/4
  1813 | D:3      | Reached skill level 1 in Dodging
  1879 | D:3      | Reached XP level 5. HP: 14/33 MP: 5/5
  2175 | D:3      | Noticed Natasha
  2181 | D:3      | Killed Natasha
  2362 | D:4      | Reached XP level 6. HP: 21/38 MP: 6/6
  2394 | D:4      | Reached * piety under the Shining One
  2401 | D:4      | Reached skill level 5 in Shields
  2422 | D:4      | Noticed Robin
  2432 | D:4      | Killed Robin
  2985 | D:4      | Reached XP level 7. HP: 38/44 MP: 7/7
  3096 | D:4      | Killed from afar by an orc priest

Skill      XL: |  1  2  3  4  5  6 |
---------------+-------------------+-----
Shields        | 4 5 |  5.5
Dodging        | 1 |  1.5
Armour         | 4 |  4.6
Fighting       | 4 |  4.6
Maces & Flails | 3 |  3.9

Action                   |  1- 3 |  4- 6 |  7- 9 || total
-------------------------+-------+-------+-------++-------
Melee: Flail             |   164 |   218 |    10 ||   392
  Use: Scroll            |     6 |     2 |     1 ||     9
       Potion            |       |       |     1 ||     1
  Eat: Fruit             |     3 |       |       ||     3
       Chunk             |       |     5 |       ||     5
Armor: Scale mail        |    57 |       |       ||    57
       Plate armour      |    62 |   301 |    12 ||   375
Dodge: Dodged            |    35 |    69 |       ||   104
Block: Shield            |    72 |   188 |    12 ||   272
